AoeStats
← Ja.Lonzo

Black Forest

509745733Analyzed
2v2 RM · 3d ago on Sep 27, 2026· 54m 5s· 4 players
Game mode
Random Map
Map size
Medium (4 player)
Population
200
Speed
Normal
Resources
Standard
Victory
Conquest
Starting age
Dark Age
Ending age
Imperial Age
RankedLock teamsTeams togetherTeam positionsShared explorationLock speedFull tech treeHidden civsTurbo modeCheats
Victory
Defeat
🇨🇱 Britons · Chile
1082
+15
🇨🇱 Hindustanis · Chile
1004
+18
🇨🇱 Italians · Chile
1058
-17
🇲🇽 Poles · Mexico
1043
-16
zsyper
2:31 Loom
11:28 Feudal Age
12:05 Horse Collar
14:06 Double-Bit Axe
17:06 Gold Mining
18:11 Stone Mining
20:57 Castle Age
22:07 Bow Saw
23:15 Town Watch
25:56 Wheelbarrow
27:07 Heavy Plow
28:45 Fletching
30:10 Bodkin Arrow
33:58 Imperial Age
32:20 Padded Archer Armor
32:46 Caravan
34:25 Hand Cart
35:11 Gold Shaft Mining
35:39 Bracer
36:08 Ballistics
36:52 Onager
37:51 Town Patrol
38:26 Yeomen
39:19 Chemistry
38:31 Masonry
38:01 Pikeman
39:34 Halberdier
40:29 Forging
40:35 Leather Archer Armor
41:25 Squires
41:03 Elite Longbowman
42:21 Conscription
42:41 Iron Casting
42:06 Scale Mail Armor
42:02 Gambesons
43:30 Ring Archer Armor
45:33 Blast Furnace
44:49 Chain Mail Armor
45:45 Scale Barding Armor
47:20 Man-at-Arms
49:15 Long Swordsman
49:43 Capped Ram
50:07 Two-Handed Swordsman
51:01 Arson
50:44 Two-Handed Swordsman
52:28 Two-Man Saw
52:01 Plate Mail Armor
51:52 Chain Barding Armor
51:54 Champion
54:37 Hoardings
53:33 Sappers
Ja.Lonzo
1:03 Loom
11:59 Feudal Age
14:10 Double-Bit Axe
19:51 Castle Age
20:34 Scale Barding Armor
21:39 Bow Saw
21:13 Horse Collar
23:04 Heavy Plow
24:40 Fortified Wall
26:42 Ballistics
27:34 Bloodlines
27:25 Husbandry
27:53 Forging
28:58 Masonry
28:48 Murder Holes
29:52 Gold Mining
30:31 Grand Trunk Road
31:26 Stone Mining
32:11 Gold Shaft Mining
35:13 Imperial Age
33:43 Wheelbarrow
32:54 Town Watch
33:09 Fletching
32:52 Light Cavalry
34:00 Chain Barding Armor
34:50 Thumb Ring
36:00 Shatagni
36:37 Hoardings
36:23 Conscription
36:07 Caravan
37:15 Two-Man Saw
36:56 Stone Shaft Mining
35:51 Heavy Camel Rider
37:40 Chemistry
37:37 Hand Cart
37:15 Hussar
38:35 Plate Barding Armor
37:57 Bodkin Arrow
38:37 Iron Casting
42:14 Padded Archer Armor
43:10 Imperial Camel Rider
49:29 Blast Furnace
48:30 Bracer
48:47 Leather Archer Armor
54:27 Ring Archer Armor
53:57 Scale Mail Armor
Master Blaster
0:29 Loom
12:38 Feudal Age
13:19 Double-Bit Axe
13:16 Horse Collar
22:57 Castle Age
21:04 Gold Mining
21:10 Stone Mining
21:13 Arson
20:49 Man-at-Arms
21:34 Scale Mail Armor
21:44 Forging
21:40 Scale Barding Armor
22:16 Fletching
23:54 Bow Saw
23:46 Heavy Plow
23:33 Long Swordsman
24:14 Squires
23:35 Pikeman
26:09 Wheelbarrow
26:37 Fervor
27:37 Hand Cart
27:44 Town Watch
28:22 Chain Mail Armor
28:43 Iron Casting
28:45 Stone Shaft Mining
30:06 Chain Barding Armor
29:41 Bodkin Arrow
35:21 Imperial Age
33:28 Szlachta Privileges
36:15 Sanctity
36:03 Caravan
36:39 Crop Rotation
36:43 Town Patrol
37:12 Conscription
36:16 Capped Ram
38:15 Chemistry
37:12 Murder Holes
37:11 Two-Handed Swordsman
39:13 Plate Mail Armor
39:43 Blast Furnace
38:44 Bracer
38:07 Champion
39:17 Masonry
39:00 Siege Ram
41:31 Block Printing
41:17 Devotion
41:39 Bloodlines
41:29 Husbandry
40:50 Light Cavalry
42:10 Hoardings
41:08 Cavalier
42:11 Elite Obuch
43:25 Winged Hussar
47:40 Ballistics
48:43 Hoardings
49:04 Lechitic Legacy
49:48 Hoardings
51:37 Hoardings
52:47 Thumb Ring
52:03 Elite Skirmisher
52:04 Crossbowman
53:37 Arbalester
AlphaChile
3:10 Loom
12:12 Feudal Age
12:49 Double-Bit Axe
14:36 Wheelbarrow
15:58 Gold Mining
18:34 Castle Age
16:59 Fletching
17:25 Forging
18:56 Padded Archer Armor
20:38 Elite Skirmisher
22:59 Horse Collar
24:28 Bodkin Arrow
26:15 Leather Archer Armor
26:46 Bow Saw
29:05 Pikeman
29:49 Scale Mail Armor
30:04 Scale Barding Armor
31:31 Chain Barding Armor
30:36 Light Cavalry
31:36 Hand Cart
31:29 Heavy Plow
31:59 Bloodlines
31:56 Husbandry
32:38 Iron Casting
36:07 Imperial Age
36:13 Silk Road
37:09 Hussar
38:27 Plate Barding Armor
38:24 Conscription
39:51 Blast Furnace
40:40 Ballistics
42:42 Chemistry
42:05 Bracer
44:42 Bombard Tower
49:45 Ring Archer Armor
Connection lost

Rejoining the realm…

Still unreachable

The connection could not be restored.

Session expired

The server has moved on; the page needs a fresh start.